 Dungeon Crawl Stone Soup version 0.22-a0-281-g2e20325899 (webtiles) character file.

58 Manul the Insei (level 3, 0/29 HPs)
             Began as a Demonspawn Monk on Mar 17, 2018.
             Killed by divine providence
             ... invoked by an orc priest
              (11 damage)
             ... on level 3 of the Dungeon.
             The game lasted 00:02:08 (1876 turns).

Manul the Insei (Demonspawn Monk)                   Turns: 1876, Time: 00:02:08

Health: 0/29       AC:  3    Str: 12    XL:     3   Next: 75%
Magic:  3/3        EV: 13    Int: 11    God:
Gold:   166        SH:  0    Dex: 15    Spells: 2/2 levels left

rFire    . . .     SeeInvis +     - Unarmed
rCold    . . .     Gourm    .   (no shield)
rNeg     . . .     Faith    .   h - +0 leather armour
rPois    .         Spirit   .   (helmet restricted)
rElec    .         Reflect  .   (no cloak)
rCorr    .         Harm     .   (no gloves)
MR       .....                  (no boots)
Stlth    ++........             (no amulet)
HPRegen  0.09/turn              g - ring of wizardry
MPRegen  0.08/turn              j - ring of see invisible

@: lethally poisoned (0 -> -9)
A: antennae 1
a: no special abilities


You were on level 3 of the Dungeon.
You were not hungry.

You visited 1 branch of the dungeon, and saw 4 of its levels.

You collected 166 gold pieces.

Inventory:

Armour
 a - a +0 robe
 h - a +0 leather armour (worn)
Jewellery
 g - a ring of wizardry (left hand)
 j - a ring of see invisible (right hand)
Scrolls
 d - 3 scrolls of identify
 e - a scroll of magic mapping
 l - a scroll of enchant armour {unknown}
Potions
 k - a potion of resistance {unknown}
 n - a potion of cancellation {unknown}
 q - 2 potions of degeneration
Comestibles
 b - a ration


   Skills:
 + Level 3.2 Fighting
 + Level 0.4 Armour
 + Level 3.1 Dodging
 + Level 2.0 Stealth
 + Level 3.6 Unarmed Combat


You had 2 spell levels left.
You didn't know any spells.

Dungeon Overview and Level Annotations

Branches:
Dungeon (4/15)
 Temple: D:4-7

Altars:
Fedhas


Innate Abilities, Weirdness & Mutations

You have a pair of small antennae on your head.


Message History

You feel much better.
You feel sick.
The orc priest looks braver for a moment.
The adder bites you. The jackal closely misses you. The adder bites you.
The rat bites you but does no damage.
A worm comes into view.
Okay, then.
As you read the scroll labeled QEL CYILANTI, it crumbles to dust.
It is a scroll of enchant weapon.
You aren't carrying any weapons that can be enchanted.
You feel sick. The jackal closely misses you. The adder misses you.
The orc priest barely misses you. The adder bites you.
You are more poisoned.
The adder poisons you! The jackal bites you. The adder closely misses you.
The rat misses you.
As you read the scroll labeled TAUSEBRURAD, it crumbles to dust.
The creatures around you are filled with an inner flame!
It was a scroll of immolation.
You feel sick. The adder misses you.
The orc priest calls down the wrath of Beogh upon you.
Beogh smites you!
You die...

#####...##......#..P..
#.......##.#...##+....
#..........##.##_##...
#.........##*..#**,..,
#..........###..#,,,,,
#.................,,,,
######S..#......##,**,
#######oh....#.##.,*,,*,
#....bS@rh#.#..#**,**,,,
#.....##So#...## *,****,
#.....*{..o...#***,,,***
#....,,....s....,,,,,,**
#....,,.#..w.w..,,**,,,,
#...,,.#*......,,,*,,,,,
####*,,**.##...,,,,,*,,*
**,***..*...,,,***,,,
**,,**,,,,,,,,,,,,,,,,


You could see 2 worms, an orc priest (inner flame), 3 adders, 2 orcs, 2 jackals,
a giant cockroach (inner flame), a bat (inner flame) and a rat (inner flame).

Vanquished Creatures
  An adder (D:3)
  2 dart slugs
  A leopard gecko (D:2)
  An orc (D:4)
  2 giant cockroaches
  2 goblins (D:2)
  5 hobgoblins
  4 jackals
  9 kobolds
  6 bats
  A frilled lizard (D:1)
  6 rats
40 creatures vanquished.

Notes
Turn   | Place    | Note
-------+----------+-------------------------------------------
     0 | D:1      | Manul the Demonspawn Monk began the quest for the Orb.
     0 | D:1      | Reached XP level 1. HP: 18/18 MP: 1/1
   475 | D:1      | Gained mutation: You have a pair of small antennae on your head. [demonic ancestry]
   475 | D:1      | Reached XP level 2. HP: 24/24 MP: 2/2
  1169 | D:3      | Reached XP level 3. HP: 3/29 MP: 3/3
  1251 | D:2      | Found a blossoming altar of Fedhas.
  1876 | D:3      | Killed from afar by an orc priest

Vault maps used:
D:1:      dpeg_arrival_rooms_c
D:2:      fedhas_altar_4
D:3:      tso_oasis_becter
D:4:      lemuel_crystal_altar, evilmike_ruin_ashenzari, hangedman_ru_absence,
          lemuel_crystal_altar, first_ration, kennysheep_windowed_goal

Skill      XL: |  1  2 |
---------------+-------+-----
Unarmed Combat | 3 |  3.6
Dodging        | 3 |  3.1
Stealth        | 2 |  2.0
Fighting       | |  3.2
Armour         | |  0.4

Action                   || total
-------------------------++-------
Melee: Unarmed           ||   148
       Punch             ||     1
  Use: Scroll            ||     7
       Potion            ||     3
 Stab: Sleeping          ||     2
  Eat: Chunk             ||     3
Armor: Robe              ||     8
       Leather armour    ||    48
Dodge: Dodged            ||   173

Table legend:
 A = Spawn XP
 B = Non-spawn XP
 C = Spawn XP percentage of total XP
 D = Spawn monster count
 E = Non-spawn monster count
 F = Spawn count percentage of total count
 G = Total turns spent on level
                    A         B        C        D         E        F      G
               +---------+---------+-------+---------+---------+-------+---------
         Total |       0 |      83 |   0.0 |       0 |      40 |   0.0 |  1876
               +---------+---------+-------+---------+---------+-------+---------
           D:1 |       0 |      29 |   0.0 |       0 |      17 |   0.0 |  1074
           D:2 |       0 |      35 |   0.0 |       0 |      20 |   0.0 |   675
           D:3 |       0 |      14 |   0.0 |       0 |       1 |   0.0 |    72
           D:4 |       0 |       5 |   0.0 |       0 |       2 |   0.0 |    55
               +---------+---------+-------+---------+---------+-------+---------
